 Dungeon Crawl Stone Soup version 0.30-a0-715-gdb4ae3ece1 (webtiles) character file.

Game seed: 4768553150468345989

14435 mopl the Slicer (level 12, -1/63 HPs)
             Began as a Vine Stalker Berserker on Jan 24, 2023.
             Was a High Priest of Trog.
             Slain by a vampire
             ... wielding a +0 flail
              (8 damage)
             ... on level 10 of the Dungeon.
             The game lasted 00:13:18 (7884 turns).

mopl the Slicer (Vine Stalker Berserker)            Turns: 7884, Time: 00:13:19

Health: -1/63      AC:  9    Str: 24    XL:     12   Next: 16%
Magic:  0/13       EV: 16    Int:  7    God:    Trog [*****.]
Gold:   556        SH:  0    Dex: 21    Spells: 11/11 levels left

rFire   . . .      SeeInvis .    N - +2 short sword (elec)
rCold   . . .      Faith    .    (no shield)
rNeg    . . .      Spirit   +    G - +0 troll leather armour
rPois   .          Reflect  .    B - +2 hat {Will+}
rElec   .          Harm     .    L - +0 cloak
rCorr   .          Rampage  .    (no gloves)
Will    +++..                    D - +0 pair of boots
Stlth   ++                       j - amulet of the acrobat
HPRegen 1.90/turn                n - ring of willpower
MPRegen 0.13/turn                u - +6 ring of dexterity

@: about to teleport, on berserk cooldown, slowed, very slow
A: fangs 3, regeneration 1, magic shield, antimagic bite, no potion heal 2
a: Renounce Religion, Berserk, Trog's Hand, Brothers in Arms


You were on level 10 of the Dungeon.
You worshipped Trog.
Trog was extremely pleased with you.
You visited 1 branch of the dungeon, and saw 10 of its levels.

You collected 679 gold pieces.
You spent 123 gold pieces at shops.

Inventory:

Hand Weapons
 a - a +0 short sword
 o - a +0 rapier
 F - a +2 dagger of draining
 N - a +2 short sword of electrocution (weapon)
Missiles
 c - 5 poisoned darts (quivered)
 l - a throwing net
 H - 5 atropa-tipped darts
 I - 3 javelins
 Q - 2 curare-tipped darts
Armour
 q - a +0 scale mail
 z - a +1 ring mail of poison resistance
 B - a +2 hat of willpower (worn)
 D - a +0 pair of boots (worn)
 G - a +0 troll leather armour (worn)
 L - a +0 cloak (worn)
Jewellery
 j - an amulet of the acrobat (around neck)
 n - a ring of willpower (left hand)
 u - a +6 ring of dexterity (right hand)
 v - a +6 ring of strength
 w - a ring of ice
 K - a ring of protection from fire
Wands
 A - a wand of mindburst (22)
 E - a wand of charming (8)
 O - a wand of quicksilver (5)
 P - a wand of iceblast (18)
 R - a wand of digging (4)
Scrolls
 d - 3 scrolls of torment {unknown}
 f - 3 scrolls of vulnerability {unknown}
 g - 2 scrolls of enchant armour {unknown}
 i - a scroll of silence {unknown}
 m - a scroll of magic mapping {unknown}
 p - 5 scrolls of teleportation
 r - 11 scrolls of fog
 t - 3 scrolls of amnesia {unknown}
 x - 4 scrolls of noise {unknown}
 y - 3 scrolls of blinking {unknown}
 S - 2 scrolls of enchant weapon {unknown}
 U - 2 scrolls of poison {unknown}
 V - a scroll of immolation {unknown}
Potions
 b - 6 potions of attraction {unknown}
 e - 3 potions of flight
 h - 2 potions of resistance
 k - 5 potions of curing {unknown}
 s - 5 potions of lignification {!q}
 C - 2 potions of mutation {!q}
 J - 2 potions of haste
 M - a potion of berserk rage {!q}
 T - a potion of ambrosia


   Skills:
 + Level 7.5 Fighting
 * Level 10.3 Short Blades
 + Level 6.7 Throwing
 + Level 6.5 Armour
 + Level 6.5 Dodging
 - Level 0.5 Stealth
 + Level 5.4 Evocations


You had 11 spell levels left.
You didn't know any spells.
Your spell library was empty.

Dungeon Overview and Level Annotations

Branches:
Dungeon (10/15)            Temple (0/1) D:4            Lair (0/5) D:9
    Orc: D:9-12

Altars:
Ashenzari
Cheibriados
Dithmenos
Elyvilon
Trog
Vehumet

Shops:
D:1 *   D:10 [

Annotations:
D:3 2 transporters


Innate Abilities, Weirdness & Mutations

You have razor-sharp teeth.
Your natural rate of healing is unusually fast.
When hurt, damage is shared between your health and your magic reserves.
Your bite disrupts and absorbs the magic of your enemies.
Potions cannot restore your health.


Message History

You feel a strong urge to attack something.
The vampire shoots a sling bullet.
The sling bullet completely misses you.
You are no longer berserk.
You are exhausted.
You feel yourself slow down.
The vampire unwields a +0 sling.
The vampire wields a +0 flail.
The vampire hits you with a +0 flail! The vampire misses you.
You hit the vampire but do no damage. You closely miss the vampire.
Your bite misses the vampire. The vampire hits you with a +0 flail!!
The vampire bites you.
The vampire draws strength from your injuries!
You closely miss the vampire. You bite the vampire.
The vampire's magic leaks into the air.
You drain its magic.
You feel invigorated.
The vampire is lightly damaged.
The vampire closely misses you. The vampire bites you.
The vampire draws strength from your injuries!
Aiming: Mindburst
Press: ? - help, Shift-Dir - straight line, f - vampire
Aim: a vampire, wielding a +0 flail (magic disrupted, chance to affect: 69%)
The vampire's mind is blasted!!
The vampire draws life force from you!
* * * LOW HITPOINT WARNING * * *
The vampire is healed by the life force!
Unknown command.
Aiming: Mindburst
Press: ? - help, Shift-Dir - straight line, f/p - vampire
Aim: a vampire, wielding a +0 flail (moderately damaged, magic disrupted, chance to affect: 69%)
The vampire struggles to resist.
The vampire casts a spell.
The vampire flickers and vanishes!
Deactivating autopickup; reactivate with Ctrl-A.
Something hits you.
* * * LOW HITPOINT WARNING * * *
Something bites you but does no damage.
Unknown command.
As you read the scroll of teleportation, it crumbles to dust.
You feel strangely unstable. Something hits you!
* * * LOW HITPOINT WARNING * * *
Something bites you!
You die...

... ###########. .~~
#........... ..~~
####### #...........
....~ #.....#
###..........P ..P~~
#.....# #.............
...P.
#.....#####+#)..........
.....
#............)..@{......
.....
#............)......###.
.....
#..............#....#
.....
######.#...##..#....#
..... #.#...##..#..#.#
##...
#.#..........#.#### #...
#.#.######.###....#
..... #.#...... .. ....+
..... #.#####..### #...#
.....


There were no monsters in sight!

Vanquished Creatures
  A centaur warrior (D:9)
  A two-headed ogre (D:6)
  5 death yaks
  Lodul (D:10)
  5 centaur zombies (D:10)
  A kobold demonologist (D:10)
  4 trolls
  A hornet (D:8)
  Grinder (D:4)
  The ghost of initializr the Sneak, an amateur KoBr (D:3)
  6 yaks (D:9)
  3 vampires
  A wraith (D:10)
  3 steam dragons (D:8)
  3 water moccasins
  2 orc warriors
  2 sky beasts
  4 ice beasts
  A black bear (D:5)
  8 ogres
  3 phantoms
  6 centaurs
  2 kobold brigands (D:8)
  6 bullfrogs
  2 necrophages
  4 scorpions
  9 killer bees
  3 howler monkeys
  3 jellies
  4 hounds
  4 orc priests
  Crazy Yiuf (D:6)
  A gnoll bouda (D:9)
  2 iguanas (D:4)
  Terence (D:2)
  8 orc wizards
  9 gnolls
  12 adders
  A shadow imp (D:5)
  3 white imps
  An ufetubus (D:6)
  2 worms (D:4)
  2 dart slugs
  22 orcs
  10 endoplasms
  3 giant cockroaches
  9 hobgoblins
  9 jackals
  3 quokkas
  6 ball pythons
  7 bats
  2 frilled lizards (D:1)
  10 goblins
  9 kobolds
  4 rats
237 creatures vanquished.

Vanquished Creatures (others)
  A necrophage (D:6)
  An orc (D:8)
  A fungus (D:6)
3 creatures vanquished.

Grand Total: 240 creatures vanquished

Notes
Turn   | Place    | Note
-------+----------+-------------------------------------------
     0 | D:1      | mopl the Vine Stalker Berserker began the quest for the
                  | Orb.
     0 | D:1      | Reached XP level 1. HP: 11/11 MP: 2/2
   133 | D:1      | Reached XP level 2. HP: 11/16 MP: 3/3
   168 | D:1      | Reached skill level 3 in Short Blades
   335 | D:1      | Reached XP level 3. HP: 18/19 MP: 4/4
   340 | D:1      | Reached ** piety under Trog
   659 | D:1      | Found Famuf's Assorted Antiques.
   666 | D:1      | Bought a fizzy green potion for 19 gold pieces
   666 | D:1      | Bought a fizzy green potion for 19 gold pieces
  1034 | D:2      | Reached skill level 3 in Fighting
  1034 | D:2      | Reached skill level 2 in Armour
  1034 | D:2      | Gained mutation: Your natural rate of healing is unusually
                  | fast. [Vine Stalker growth]
  1034 | D:2      | Reached XP level 4. HP: 24/24 MP: 3/5
  1036 | D:2      | Reached skill level 2 in Dodging
  1039 | D:2      | Reached skill level 1 in Throwing
  1420 | D:2      | Noticed Terence
  1437 | D:2      | Killed Terence
  1438 | D:2      | Reached XP level 5. HP: 22/28 MP: 3/6
  1893 | D:1      | Bought a scroll labelled SAMICA ZUTIJECUO for 22 gold
                  | pieces
  1893 | D:1      | Bought a scroll labelled NIM COEHIOSM for 22 gold pieces
  1893 | D:1      | Bought a scroll labelled OGHOM LOOBRAO for 22 gold pieces
  1893 | D:1      | Bought a fizzy ruby potion for 19 gold pieces
  2053 | D:3      | Found a runed translucent door.
  2060 | D:3      | Noticed initializr's ghost (amateur KoBr)
  2125 | D:3      | Found a transporter.
  2125 | D:3      | Found a broken altar of Ashenzari.
  2125 | D:3      | Noticed a centaur
  2143 | D:3      | Found a transporter.
  2392 | D:3      | Killed initializr's ghost
  2393 | D:3      | Reached skill level 4 in Short Blades
  2393 | D:3      | Reached XP level 6. HP: 29/32 MP: 4/7
  2434 | D:4      | Found a staircase to the Ecumenical Temple.
  2450 | D:4      | Reached skill level 2 in Throwing
  2631 | D:4      | Reached XP level 7. HP: 36/37 MP: 6/8
  2874 | D:4      | Reached *** piety under Trog
  2969 | D:4      | Noticed Grinder
  2982 | D:4      | Killed Grinder
  2983 | D:4      | Reached skill level 3 in Armour
  2983 | D:4      | Reached skill level 3 in Dodging
  2991 | D:4      | Reached skill level 5 in Short Blades
  3069 | D:4      | Reached skill level 4 in Fighting
  3095 | D:4      | Gained mutation: You have razor-sharp teeth. [Vine Stalker
                  | growth]
  3095 | D:4      | Reached XP level 8. HP: 42/42 MP: 4/9
  3371 | D:5      | Entered Level 5 of the Dungeon
  3391 | D:5      | Reached skill level 3 in Throwing
  3481 | D:5      | Found a bloodstained altar of Trog.
  3575 | D:5      | Reached skill level 6 in Short Blades
  3861 | D:5      | Found a radiant altar of Vehumet.
  3864 | D:5      | Found a white marble altar of Elyvilon.
  3969 | D:5      | Reached skill level 4 in Armour
  4018 | D:6      | Reached skill level 4 in Dodging
  4024 | D:6      | Reached XP level 9. HP: 46/46 MP: 8/10
  4029 | D:6      | Reached **** piety under Trog
  4064 | D:6      | Noticed a two-headed ogre
  4079 | D:6      | Noticed a troll
  4093 | D:6      | Reached skill level 5 in Fighting
  4096 | D:6      | Killed a troll
  4097 | D:6      | Reached skill level 4 in Throwing
  4234 | D:6      | Reached skill level 7 in Short Blades
  4234 | D:6      | Reached skill level 1 in Evocations
  4408 | D:6      | Killed a two-headed ogre
  4409 | D:6      | Reached skill level 2 in Evocations
  4562 | D:6      | Reached XP level 10. HP: 42/53 MP: 7/11
  4689 | D:6      | Identified the +6 hammer of the Shoals {freeze, rPois}
  4698 | D:6      | Found a runed translucent door.
  4699 | D:6      | Noticed Crazy Yiuf
  4706 | D:6      | Killed Crazy Yiuf
  4899 | D:7      | Reached skill level 5 in Armour
  5055 | D:7      | Reached skill level 8 in Short Blades
  5055 | D:7      | Reached skill level 5 in Dodging
  5488 | D:8      | Reached skill level 5 in Throwing
  5491 | D:8      | Reached skill level 3 in Evocations
  5585 | D:8      | Reached skill level 6 in Fighting
  5821 | D:8      | Found a shadowy altar of Dithmenos.
  5918 | D:8      | Paralysed by a hornet for 1 turns
  6125 | D:9      | Reached ***** piety under Trog
  6140 | D:9      | Reached XP level 11. HP: 56/58 MP: 12/12
  6607 | D:9      | Noticed a death yak
  6610 | D:9      | Noticed a death yak
  6612 | D:9      | Noticed a death yak
  6612 | D:9      | Noticed a death yak
  6613 | D:9      | Noticed a death yak
  6630 | D:8      | Killed a death yak
  6631 | D:8      | Reached skill level 9 in Short Blades
  6631 | D:8      | Reached skill level 4 in Evocations
  6783 | D:9      | Found a staircase to the Lair.
  6793 | D:8      | Killed a death yak
  6843 | D:8      | Killed a death yak
  6868 | D:8      | Killed a death yak
  6869 | D:8      | Reached skill level 6 in Throwing
  6921 | D:9      | Killed a death yak
  6922 | D:9      | Reached skill level 6 in Armour
  6922 | D:9      | Reached skill level 6 in Dodging
  6958 | D:9      | Found a snail-covered altar of Cheibriados.
  6973 | D:9      | Noticed a centaur warrior
  7327 | D:9      | Killed a centaur warrior
  7328 | D:9      | Reached skill level 7 in Fighting
  7370 | D:10     | Entered Level 10 of the Dungeon
  7563 | D:10     | Found Diantotue's Antique Armour Shop.
  7593 | D:10     | Reached skill level 5 in Evocations
  7659 | D:10     | Reached skill level 10 in Short Blades
  7728 | D:10     | Reached XP level 12. HP: 54/63 MP: 13/13
  7855 | D:10     | Noticed Lodul
  7867 | D:10     | Killed Lodul
  7884 | D:10     | Slain by a vampire

Illustrated notes

Levels and vault maps discovered:
D:1:      lightli_molten_gateway, layout_loops_ring, serial_shops, shop
D:2:      layout_basic, nrook_loot_triangle, uniq_terence
D:3:      layout_basic, gammafunk_temple_overflow_arena, ebering_ghost_sewer_d
D:4:      minmay_chambers_of_threes, layout_gridville,
          minmay_temple_entry_butterflies, uniq_grinder
D:5:      layout_basic, grunt_temple_overflow_open
D:6:      minmay_chambers_of_sixes, layout_basic, uniq_crazy_yiuf_cottage
D:7:      layout_loops_cross
D:8:      layout_cave_pools, grunt_dithmenos_smoke_and_mirrors,
          hangedman_minor_gate_pass
D:9:      layout_layer_cave, lemuel_crystal_altar, dpeg_lair_monsters,
          hangedman_decor_lopped, onia_ninara_dug_in_and_dangerous
D:10:     minmay_slanted_spiral_squares, layout_basic, serial_shops, shop,
          serial_undead, serial_undead_f, serial_undead_d, serial_undead_f,
          serial_undead_c, uniq_lodul

Skill      XL: |  1  2  3  4  5  6  7  8  9 10 11 |
---------------+----------------------------------+-----
Short Blades   | 3 4 5 6 7 8 10 | 10.3
Fighting       | 3 4 5 6 7 |  7.5
Armour         | 2 3 4 5 6 |  6.5
Dodging        | 2 3 4 5 6 |  6.5
Throwing       | 1 2 3 4 5 6 |  6.7
Evocations     | 2 3 5 |  5.4
Stealth        | |  0.5

Action                     |  1- 3 |  4- 6 |  7- 9 | 10-12 || total
---------------------------+-------+-------+-------+-------++-------
  Melee: Short sword       |   129 |    21 |       |   361 ||   511
         Bite              |    28 |    52 |    97 |   180 ||   357
         Punch             |     2 |     1 |     4 |    10 ||    17
         Rapier            |       |   121 |   257 |       ||   378
         Dagger            |       |       |    44 |    91 ||   135
  Throw: Dart              |       |       |     2 |     3 ||     5
 Invoke: Berserk           |     1 |     1 |     7 |    10 ||    19
  Evoke: Wand              |       |       |     4 |     5 ||     9
    Use: Scroll            |       |       |       |    12 ||    12
   Stab: Sleeping          |     1 |       |     1 |       ||     2
         Distracted        |       |       |       |     1 ||     1
 Armour: Animal skin       |    11 |       |       |       ||    11
         Ring mail         |    15 |    14 |       |       ||    29
         Scale mail        |       |    32 |    66 |       ||    98
         Troll leather arm |       |       |    17 |    95 ||   112
  Dodge: Dodged            |    70 |   104 |   178 |   260 ||   612

Table legend: (Time is in decaauts)
 A = Elapsed time spent in this place.
 B = Non-inter-level travel time spent in this place.
 C = Inter-level travel time spent in this place.
 D = Time resting spent in this place.
 E = Time spent auto-exploring this place.
 F = Levels seen in this place.
 G = Mean time per level.
                   A        B        C        D        E       F      G
               +--------+--------+--------+--------+--------+-----+--------+
         Total |   7795 |   7378 |    417 |     95 |   5444 |  10 |  779.5 |
       Dungeon |   7795 |   7378 |    417 |     95 |   5444 |  10 |  779.5 |
               +--------+--------+--------+--------+--------+-----+--------+

Top non-repeatable levels by time:
     D:9: 1122 daAuts
     D:2: 1093 daAuts
     D:4: 970 daAuts
     D:1: 816 daAuts
     D:6: 801 daAuts
     D:8: 742 daAuts
     D:5: 695 daAuts
     D:7: 592 daAuts
     D:3: 501 daAuts
    D:10: 458 daAuts
